Match 42586478
Unlisted

Match 42586478
End
Kradschützen Motorcycle Team
Panzergrenadier Squad
Panzergrenadier Squad
Construct Light Support Kompanie
Kradschützen Motorcycle Team
MG34 Team
Construct Mechanized Kompanie
8 Rad Armored Car
Selects Armored Support Battlegroup
Selects Superior Fire Drills
2.5-tonne Medical Truck
Vehicle Survival Package
Selects Flammpanzer III Medium Tank
Flammpanzer III Medium Tank
Flammpanzer III Medium Tank
Selects Command Panzer IV F Medium Tank
Panzerjäger Mechanized Group
Marder III Tank Destroyer
[HAN]Diederick Kastner
帝国の突撃隊
0
0

Comments sign in to comment!

No comments posted yet!